[Event "34th Pula Open 2022"]
[Site "Pula"]
[Date "2022.06.18"]
[Round "1.10"]
[White "Maier, Christian"]
[Black "Kulenovic, Adnan"]
[Result "1-0"]
[ECO "D94"]
[WhiteElo "2299"]
[BlackElo "1923"]
[Annotator "TA"]
[PlyCount "97"]
[EventDate "2022.06.18"]
[EventType "swiss"]
[EventCountry "CRO"]
[SourceTitle "playchess.com"]
[Source "ChessBase"]
[SourceQuality "1"]
[TimeControl "5400+30"]

1. Nf3 d5 2. c4 e6 3. e3 g6 4. Nc3 Bg7 5. d4 Nf6 6. b4 {[%emt 0:01:34][%cal Bb2b4,Bb4b5][%mdl 32] D94: Grünfeld: 4 Nf3 Bg7 5 e3.} O-O 7. Bb2 Nc6 8. Qb3 {[%emt 0:02:17] [#] White is slightly better.} a5 $146 ({Predecessor:} 8... Ne7 9. c5 c6 10. a4 Nd7 11. Bd3 e5 12. dxe5 Nxe5 13. Nxe5 Bxe5 14. Ne2 Bxb2 15. Qxb2 {1-0 (45) Santiago,Y (2378)-Utiyama,M (2145) Sao Jose do Rio Preto 2012}) 9. b5 Ne7 10. Rc1 c6 11. Ba3 Re8 12. Ne5 (12. Bd3 $14) 12... Bd7 ({Black should play} 12... Nd7 $11) 13. Be2 a4 14. Qb2 {[%emt 0:00:59] 0x0.00166cebde06dp-1022s more active pieces.} g5 (14... dxc4 $142 15. Nxc4 (15. Bxc4 Ned5 $14) 15... Ned5) 15. O-O $16 Ng6 16. Rcd1 Qb8 17. Nxd7 Nxd7 18. bxc6 bxc6 19. Qxb8 (19. Qd2 $142) 19... Rexb8 20. Bd6 {[%emt 0:00:46] This bishop pair is nice.} Rb7 21. Rb1 Rba7 22. cxd5 exd5 23. Rfc1 Bf8 24. Bxf8 Kxf8 25. a3 Ke7 26. Na2 Kd6 27. Nb4 Ne7 28. Nd3 Ra5 29. f3 R8a7 30. Kf2 f6 31. Rb4 Nc8 32. e4 {[%emt 0:03:01] Strongly threatening exd5.} Ne7 33. g4 Ng6 34. Kg3 Rc7 35. Bd1 c5 36. Rxa4 (36. dxc5+ $16 Nxc5 37. Rb6+ Kd7 38. Nxc5+ (38. Rxf6 dxe4 39. Rf7+ Ne7 $16) 38... Rcxc5 39. Rxc5 Rxc5 40. exd5 (40. Bxa4+ Kc7 $16) (40. Rxf6 dxe4 41. fxe4 Ke7 $11)) 36... Rxa4 $11 37. Bxa4 c4 38. Bxd7 Rxd7 $14 {[%emt 0:06:49][%mdl 4096] Endgame KRN-KRN} 39. Nb4 Ra7 $2 {[%emt 0:01:05][%mdl 8192] [#] Loses the game.} (39... Nf4 $11 {and Black has nothing to worry.} 40. Kf2 Ra7) 40. Nxd5 $18 Rxa3 41. Rxc4 Nh4 $2 (41... Rd3 42. Nxf6 Nh4 43. e5+ Ke6 44. Rc6+ Kf7) 42. Rc3 {[%emt 0:00:05] White is clearly winning.} Ra2 43. Nxf6 Ng6 {[%emt 0:01:49] [#] And now ...Nf4 would win.} 44. Nd5 {[%emt 0:02:08] Against Nf4} Rd2 45. Ra3 Rxd4 46. Ra6+ Ke5 47. Nf6 Nf4 (47... Nf8 $142 48. Nh5 Rd3 49. Ra5+ Kd6) 48. Nxh7 Ne2+ 49. Kf2 {[%emt 0:00:16] Weighted Error Value: White=0.20 (precise) /Black=0.42} 1-0

[Event "34th Pula Open 2022"]
[Site "Pula"]
[Date "2022.06.18"]
[Round "1.11"]
[White "Racnik, Tone"]
[Black "Cupic, Lovro"]
[Result "0-1"]
[ECO "B12"]
[WhiteElo "1920"]
[BlackElo "2271"]
[Annotator "TA"]
[PlyCount "92"]
[EventDate "2022.06.18"]
[EventType "swiss"]
[EventCountry "CRO"]
[SourceTitle "playchess.com"]
[Source "ChessBase"]
[SourceQuality "1"]
[TimeControl "5400+30"]

1. e4 c6 2. d4 d5 3. e5 Bf5 4. Ne2 e6 5. Ng3 Bg6 6. h4 h6 7. Bd3 {[%emt 0:00:35] B12: Caro-Kann: Advance Variation.} Bxd3 8. Qxd3 c5 9. c3 {[%emt 0:00:24] The position is equal.} Nc6 10. a3 cxd4 11. cxd4 Qb6 12. Ne2 Nge7 $36 {[%emt 0:00:29][%mdl 2048] Black is pushing.} 13. Nd2 Nf5 14. Nf3 {[%emt 0:03:50] [#]} Na5 $146 ({Predecessor:} 14... h5 15. Rb1 Be7 16. Bg5 Bxg5 17. hxg5 g6 18. O-O O-O 19. Rfc1 Rfc8 20. b4 Nce7 {0-1 (43) Sarkar,J (2338)-Lamard,G (2480) Chess.com INT 2021}) 15. g4 Ne7 16. Nd2 h5 17. b4 Nc4 18. g5 Rc8 19. Rb1 Nf5 20. Nf3 g6 {[%emt 0:01:51] Black is much more active. The white rooks are badly placed.} 21. Ng3 Nxg3 22. fxg3 Bg7 23. Ng1 Qb5 24. Qb3 {[%emt 0:03:19] [#]} (24. Rb3 $11) 24... Nb6 ({Black should try} 24... Na5 $1 $17 25. Qd1 Rc4) 25. Ne2 $15 Rc7 26. Rh2 Kd7 (26... O-O $15) 27. Rf2 Kc8 28. Rf3 Kb8 29. Nc3 Qd7 30. Bd2 Rhc8 31. a4 Bf8 32. b5 {[%emt 0:02:41] [#]} (32. Kf1 $11) 32... Rc4 $1 $17 33. a5 Rb4 34. Qa2 Nc4 35. Rxb4 $2 {[%emt 0:04:35] This costs White the game.} (35. Bf4 $17 {was necessary.}) 35... Bxb4 $19 36. b6 $2 (36. Bf4 Nxa5 37. Qb2) 36... Qc6 37. bxa7+ Ka8 38. Qb3 Nxd2 39. Kxd2 Bxa5 40. Kc2 Bxc3 {[%emt 0:00:26] Black mates.} 41. Rxc3 Qxc3+ 42. Qxc3 Rxc3+ 43. Kxc3 Kxa7 {[%emt 0:00:05] KP-KP} 44. Kb4 Kb6 45. Ka4 Ka6 46. Kb4 b6 {[%emt 0:00:18] Weighted Error Value: White=0.61/Black=0.12 (very precise)} 0-1

[Event "34th Pula Open 2022"]
[Site "Pula"]
[Date "2022.06.18"]
[Round "1.12"]
[White "Novosel, Lovro"]
[Black "Paluska, Karol"]
[Result "1-0"]
[ECO "B06"]
[WhiteElo "2279"]
[BlackElo "2006"]
[Annotator "TA"]
[PlyCount "67"]
[EventDate "2022.06.18"]
[EventType "swiss"]
[EventCountry "CRO"]
[SourceTitle "playchess.com"]
[Source "ChessBase"]
[SourceQuality "1"]
[TimeControl "5400+30"]

1. Nf3 g6 2. d4 Bg7 3. e4 d6 4. Nc3 Bg4 5. Bc4 e6 6. Be3 {[%emt 0:03:28] B06: Modern Defence.} Ne7 7. Qd2 d5 {[%emt 0:16:26] Threatens to win with ...Bxf3.} 8. Be2 {[%emt 0:13:06] [#] White is slightly better.} O-O $146 ({Predecessor:} 8... Nd7 9. Bh6 Bxh6 10. Qxh6 dxe4 11. Nxe4 Nf5 12. Qd2 Nf6 13. Nc5 b6 14. Nb3 O-O {0-1 (37) Todorov,M (2198)-Vozovic,O (2356) Istanbul 2006}) 9. O-O-O Nd7 10. Bh6 c6 {[%emt 0:07:13] [#]} (10... Nf6 $14) 11. h4 $1 $16 dxe4 12. Bxg7 (12. Nxe4 Bxh6 13. Qxh6 Nf5 $11) 12... Kxg7 13. Nxe4 {[%emt 0:00:14][%cal Oh4h5] Hoping for h5!} Nf5 14. Ng1 (14. h5 {keeps more tension.} Nf6 15. Nfg5 Bxe2 16. Qxe2 Nxe4 17. Nxe4 Nd6 18. Nc5) 14... Bxe2 15. Nxe2 {[%emt 0:00:06] aiming for g4.} Nf6 16. Nxf6 Qxf6 17. h5 g5 18. g4 Nd6 19. h6+ Kh8 20. f4 gxf4 21. Nxf4 Rg8 22. Rhg1 Qg5 23. Kb1 $1 Rad8 24. Qf2 Ne4 (24... Qxh6 25. Rh1 Qg5 26. Rh5 (26. Qh2 Rg7 $11) 26... Qxg4 27. Rdh1 $18) 25. Qf3 Nd6 26. Nd3 Qxh6 27. Rh1 Qg5 28. Rh5 ({Inferior is} 28. Qh3 Rg7 $15) 28... Qe7 29. Rdh1 {[%emt 0:00:35][%csl Gh1][%cal Rh5h7] White is much more active.} Rg7 30. Ne5 $40 {[%emt 0:00:36][%mdl 128] White wants to mate with Qh3. White has strong attack.} f6 $2 {[%emt 0:01:14][%mdl 8192] [#] A mistake that costs the game.} (30... Kg8 $16) 31. Rxh7+ $3 $18 {[%emt 0:00:26][%mdl 576] Remove Defender, Deflection} Rxh7 32. Ng6+ Kg8 33. Nxe7+ Rxe7 34. Qxf6 {[%emt 0:00:06] Weighted Error Value: White=0.07 (flawless) /Black=0.39} 1-0

[Event "34th Pula Open 2022"]
[Site "Pula"]
[Date "2022.06.19"]
[Round "2.1"]
[White "Fercec, Nenad"]
[Black "Lavrencic, Matic"]
[Result "1-0"]
[ECO "B33"]
[WhiteElo "2415"]
[BlackElo "2130"]
[Annotator "TA"]
[PlyCount "65"]
[EventDate "2022.06.18"]
[EventType "swiss"]
[EventCountry "CRO"]
[SourceTitle "playchess.com"]
[Source "ChessBase"]
[SourceQuality "1"]
[TimeControl "5400+30"]

1. e4 c5 2. Nf3 e6 3. d4 cxd4 4. Nxd4 Nf6 5. Nc3 Nc6 6. Ndb5 d6 7. Bf4 e5 8. Bg5 a6 9. Na3 b5 10. Nd5 Be7 11. Bxf6 Bxf6 12. c4 b4 {[%emt 0:00:07] 12...0-0 is more fashionable.} 13. Nc2 a5 14. Bd3 {[%emt 0:01:06] B33: Sicilian: Pelikan and Sveshnikov Variations.} O-O 15. O-O Be6 16. b3 {[%emt 0:01:33] The position is equal.} Bg5 17. g3 {[%emt 0:02:38] [#]} Bh6 $146 ({Predecessor:} 17... Nb8 18. f4 Bxd5 19. cxd5 Bf6 20. Rb1 Nd7 21. Qf3 Rc8 22. Bc4 Nb6 23. Qd3 Nxc4 24. bxc4 Qb6+ {½-½ (33) Flermoen,P (2169)-Demac,E (2246) Tromsoe 2011}) 18. Kh1 g6 19. f4 exf4 20. gxf4 Qh4 21. Nce3 (21. Qe1 $5 Qxe1 22. Raxe1 $11) 21... Bg7 22. Rc1 Nd4 23. Bb1 Bh3 24. Rg1 Rae8 25. Rg3 Bd7 26. c5 (26. Qf1 $11) 26... dxc5 $15 27. Rxc5 Bb5 $2 {[%emt 0:08:20][%mdl 8192] [#] A mistake that costs the game.} (27... Rc8 $15 {keeps the upper hand.} 28. Rxa5 Bb5) 28. e5 $1 $18 Bxe5 {[%emt 0:04:35] And now ...Be2 would win.} 29. Ng2 {[%emt 0:04:12] Pair of Knights!} ({Weaker is} 29. fxe5 Be2 30. Nf6+ Qxf6 31. exf6 Bxd1 32. Nxd1 Re6 $18) ({Less strong is} 29. Rg4 Qf2 $18) 29... Qxg3 30. hxg3 {[%emt 0:00:19] White is clearly winning.} Bg7 31. Bd3 Bxd3 32. Qxd3 Ne2 33. Kh2 {[%emt 0:00:45] Weighted Error Value: White=0.07 (flawless) /Black=0.55} 1-0

[Event "34th Pula Open 2022"]
[Site "Pula"]
[Date "2022.06.19"]
[Round "2.2"]
[White "Kekic, Armin"]
[Black "Nikcevic, Nebojsa"]
[Result "1/2-1/2"]
[ECO "C95"]
[WhiteElo "2149"]
[BlackElo "2387"]
[Annotator "TA"]
[PlyCount "82"]
[EventDate "2022.06.18"]
[EventType "swiss"]
[EventCountry "CRO"]
[SourceTitle "playchess.com"]
[Source "ChessBase"]
[SourceQuality "1"]
[TimeControl "5400+30"]

1. e4 e5 2. Nf3 Nc6 3. Bb5 a6 4. Ba4 Nf6 5. O-O Be7 6. Re1 b5 7. Bb3 d6 8. c3 O-O 9. h3 Nb8 10. d4 Nbd7 11. Nbd2 c5 12. Nf1 {C95: Closed Ruy Lopez: Breyer Variation with 10 d4.} Qc7 13. Ng3 Re8 14. Be3 {[%emt 0:12:41] White has an edge.} Bf8 15. Bc2 {[%emt 0:02:42] [#]} Nb6 $146 ({Predecessor:} 15... cxd4 16. cxd4 exd4 17. Nxd4 Bb7 18. Rc1 Rac8 19. Bf4 Qb8 20. Ngf5 Nc5 21. f3 Ne6 {0-1 (47) Mrudul,D (2256)-Tokhirjonova,G (2378) Chess.com INT 2020}) 16. Nd2 a5 17. Rc1 g6 18. f4 exd4 19. cxd4 Bb7 20. Bd3 c4 21. b3 Qd7 22. Bb1 Bg7 23. d5 {[%emt 0:07:51] [#]} ({White should play} 23. bxc4 $14 Nxc4 24. Nxc4 bxc4 25. d5) 23... Nbxd5 $1 $15 24. exd5 Nxd5 25. Ndf1 Qc6 26. Qf3 c3 (26... Nxe3 $17 27. Qxc6 Bxc6 28. Nxe3 Bd4) 27. Be4 $11 {[%emt 0:09:12] The position is equal.} f5 $1 28. Bxd5+ Qxd5 29. Qxd5+ Bxd5 30. Red1 Bf7 {[%emt 0:00:04] A strong pair of Bishops.} 31. Bd4 {[%emt 0:03:21] [#] And now Bxg7 would win.} b4 32. Bxg7 Kxg7 33. Rxd6 a4 {[%emt 0:00:22][%cal Of7b3] White must now prevent ...Bxb3!} 34. Rd4 axb3 35. axb3 Reb8 36. Ne2 Ra2 37. Nxc3 bxc3 38. Rxc3 Bxb3 39. Rc7+ Kh8 40. Rd2 Rxd2 41. Nxd2 Bd5 {[%emt 0:00:05] Weighted Error Value: White=0.11 (very precise) /Black=0.08 (flawless)} 1/2-1/2

[Event "34th Pula Open 2022"]
[Site "Pula"]
[Date "2022.06.19"]
[Round "2.3"]
[White "Popovic, Milan S"]
[Black "Voscilla, Adriano"]
[Result "1-0"]
[ECO "B01"]
[WhiteElo "2383"]
[BlackElo "2140"]
[Annotator "TA"]
[PlyCount "87"]
[EventDate "2022.06.18"]
[EventType "swiss"]
[EventCountry "CRO"]
[SourceTitle "playchess.com"]
[Source "ChessBase"]
[SourceQuality "1"]
[TimeControl "5400+30"]

1. e4 d5 2. exd5 Nf6 3. Bb5+ Bd7 4. Be2 Nxd5 5. d4 Bf5 6. a3 e6 {[%emt 0:00:33] B01: Scandinavian Defence.} 7. c4 $1 {[%emt 0:02:49] 7.c4 is better than 7.Nf3.} Nb6 8. Nc3 Nc6 {[%emt 0:00:35] White is slightly better.} 9. Be3 Be7 10. h3 Bf6 11. Nf3 h6 12. b4 {[%emt 0:05:13] [#]} Qd7 $146 ({Predecessor:} 12... a6 13. Ra2 Qe7 14. Rd2 O-O 15. Qb3 Rfd8 16. O-O a5 17. b5 a4 18. Qa2 Na5 19. c5 Nb3 20. Rdd1 Nd5 21. Nxd5 exd5 {½-½ (21) Mrva,V (2177)-Jurcisin,I (2022) Slovakia 2014}) 13. Ra2 Rd8 14. Rd2 Qe7 15. Qb3 (15. O-O $5 ) 15... O-O 16. d5 Bxc3 17. Qxc3 exd5 18. Bc5 $36 {[%emt 0:01:01][%mdl 2048] White has the initiative.} Qe4 {[%emt 0:00:00] [#] And now ...Na4 would win.} 19. Bxf8 Kxf8 {[%emt 0:00:00] White leaves nothing to chance now.} 20. cxd5 {[%emt 0:04:40] Dancing on a razor blade.} Rxd5 (20... Nxd5 $16 {was worth a try.} 21. Qd3 Rd6) 21. O-O $18 Rxd2 22. Qxd2 {[%emt 0:00:19] Strongly threatening b5.} Nd5 (22... Qd5 $142 23. Qc1 Qd6) 23. Re1 Nce7 $2 {[%emt 0:03:17] [#]} (23... Be6 24. Ba6 Qf4) 24. Ba6 $1 Qf4 25. Qxf4 Nxf4 {[%emt 0:00:06] Pair of Knights!} 26. Bxb7 g5 27. Nd4 {[%emt 0:00:07] White is clearly winning.} Bd7 28. Re5 c6 29. Ra5 Nd3 30. Rxa7 f5 31. Ba6 Ne5 32. Be2 f4 33. Nf3 N7g6 34. Nxe5 Nxe5 {[%emt 0:00:08][%mdl 4096] Endgame KRB-KBN} 35. Ra5 Nf7 36. Bg4 Be8 37. Bh5 Bd7 38. Bxf7 Kxf7 {[%emt 0:00:06] KR-KB} 39. Re5 Kf6 40. Re1 h5 41. f3 g4 42. hxg4 hxg4 43. fxg4 Bxg4 44. Kf2 {[%emt 0:00:06] Weighted Error Value: White=0.20 (precise) /Black=0.33} (44. a4 $142 Bf5 45. Rc1) 1-0

[Event "34th Pula Open 2022"]
[Site "Pula"]
[Date "2022.06.19"]
[Round "2.4"]
[White "Medancic, Rikard"]
[Black "Lindgren, Philip"]
[Result "0-1"]
[ECO "A07"]
[WhiteElo "2145"]
[BlackElo "2369"]
[Annotator "TA"]
[PlyCount "90"]
[EventDate "2022.06.18"]
[EventType "swiss"]
[EventCountry "CRO"]
[SourceTitle "playchess.com"]
[Source "ChessBase"]
[SourceQuality "1"]
[TimeControl "5400+30"]

1. Nf3 d5 2. g3 c6 3. Bg2 Bg4 4. Ne5 Bf5 5. c4 Nd7 6. Nxd7 {[%emt 0:05:10] A07: Réti Opening: New York and Capablanca Systems.} (6. d4 {keeps more tension.} e6 7. O-O Ngf6 8. Qb3) 6... Qxd7 7. Qb3 (7. cxd5 $11 cxd5 8. d3) 7... e6 8. d3 {[%emt 0:02:33] The position is equal.} Nf6 9. O-O Be7 {[%emt 0:09:10] [#]} 10. Re1 $146 ({Predecessor:} 10. Nd2 O-O 11. Nf3 a5 12. Bf4 Bd6 13. Bxd6 Qxd6 14. Qc3 Rfe8 15. c5 Qc7 16. Ne5 {½-½ (39) De Oliveira,M (2543)-Pappier,C (2442) ICCF email 2008}) 10... d4 11. Nd2 h5 12. Nf3 h4 (12... Bc5 $11 {remains equal.}) 13. Nxh4 $16 Rxh4 14. gxh4 e5 {[%emt 0:00:06] Prevents Bf4.} 15. Bg5 O-O-O 16. e3 Bh3 17. Qd1 {[%emt 0:05:24] exd4 is the strong threat.} Bg4 (17... Bb4 $142) 18. f3 Bf5 19. e4 Be6 20. f4 exf4 21. Qf3 (21. Bxf4 $16 {Black must now prevent Bg3.} Ng4 22. Qa4) 21... Ng4 $1 $11 {[%emt 0:00:30] [#] Strongly threatening ...Ne5.} 22. Bxf4 ({Avoid the trap} 22. Qxf4 $2 f6 23. Re2 fxg5 24. hxg5 Rf8 $19) 22... Bxh4 23. Bg3 Bg5 24. Bf4 (24. h3 $16 Ne3 25. Bh2) 24... Bh4 25. Bg3 Rh8 26. h3 Bxg3 27. Qxg3 Ne3 28. Rxe3 ({Of course not} 28. Qxg7 Qd8 29. Rxe3 dxe3 $17) (28. Re2 $1 $11) 28... dxe3 $17 29. Qxe3 (29. Qxg7 $142 Qd8 30. Re1) 29... Bxh3 30. Rf1 Rh6 ({Better is} 30... Bxg2 31. Kxg2 Qg4+ 32. Qg3 Qe2+ 33. Kg1 f6) 31. Rf3 (31. Rf4 $17) 31... Bxg2 $19 32. Kxg2 {[%emt 0:00:05][%mdl 4096] Endgame KQR-KQR} Qg4+ 33. Rg3 Qd1 {[%emt 0:00:35] ( -> ...Qh1+)} 34. Rh3 {[%emt 0:01:30] Inhibits Qh1+.} Qc2+ 35. Kg3 $2 (35. Kg1 Qb1+ 36. Kh2 Qxb2+ 37. Kh1) 35... Rg6+ 36. Kf4 Rf6+ 37. Kg3 Rg6+ $2 (37... Qxb2 38. Rh4 Qxa2) 38. Kf4 Qxb2 39. Qxa7 {[%emt 0:01:35] [#]} (39. Rh8+ $19 Kc7 40. Qe1) 39... Qf6+ {[%emt 0:01:44] Black mates.} 40. Ke3 Qg5+ 41. Kd4 Qg1+ 42. Re3 Qa1+ 43. Kc5 Qe5+ 44. Kb6 Qd4+ 45. c5 Qb4# {[%emt 0:00:07] Weighted Error Value: White=0.49/Black=0.41} 0-1

[Event "34th Pula Open 2022"]
[Site "Pula"]
[Date "2022.06.19"]
[Round "2.5"]
[White "Ragger, Anna-Christina"]
[Black "Marjanovic, Annamaria"]
[Result "1-0"]
[ECO "C07"]
[WhiteElo "2141"]
[BlackElo "2353"]
[Annotator "TA"]
[PlyCount "117"]
[EventDate "2022.06.18"]
[EventType "swiss"]
[EventCountry "CRO"]
[SourceTitle "playchess.com"]
[Source "ChessBase"]
[SourceQuality "1"]
[TimeControl "5400+30"]

1. e4 e6 2. d4 d5 3. Nd2 c5 4. exd5 Qxd5 5. Ngf3 cxd4 6. Bc4 Qd6 7. O-O Nf6 8. Nb3 Nc6 9. Nbxd4 Nxd4 10. Nxd4 a6 11. Bb3 Qc7 12. Qf3 {[%emt 0:02:24] Black should prevent Re1. C07: French Tarrasch: 3...c5, 4 Ngf3 and 4 exd5 Qxd5.} Bd6 13. Kh1 O-O 14. Bg5 {[%emt 0:04:58] The position is equal.} Nd7 15. c3 Ne5 16. Qh5 Ng6 {[%emt 0:00:30] Inhibits f4.} 17. Bc2 Bf4 18. Bxf4 Qxf4 19. Nf3 {[#]} Qf6 $146 ({Predecessor:} 19... f6 20. Bxg6 hxg6 21. Qxg6 e5 22. Rfe1 Bf5 23. Qg3 Qxg3 24. hxg3 Rfd8 25. Rad1 Be6 {½-½ (41) Suarez Real,A (2367)-Scotti,U (2182) Nice 2005}) 20. Rad1 {Prevents Bd7.} b5 21. Be4 {Prevents Bb7.} Ra7 22. Qc5 Qe7 23. Qxe7 (23. Qb6 {seems wilder.} Rc7 24. Rfe1 Rd8 25. a3) 23... Rxe7 24. Nd4 (24. Rd6 $14) 24... Rc7 $11 25. g3 Ne5 26. Ne2 Bd7 27. Rd4 f5 28. Bg2 Kf7 ({Don't play} 28... Bc6 29. Nf4 Kf7 30. Bxc6 Rxc6 31. Re1 $11) 29. Rfd1 {[#] Hoping for f4.} Ke7 (29... Bc8 $1 $11) 30. h4 (30. Re1 $14) 30... Rb8 31. Nf4 Nc4 (31... b4 $11 {remains equal.}) 32. Re1 $36 {[%mdl 2048] Threatens to win with Nd5+. White is on the roll.} Kf7 33. b3 Nb6 34. Rd6 {[%cal Rf4e6] White is much more active.} Rxc3 35. Nxe6 {Ng5+ is the strong threat.} h6 {[%emt 0:00:30][%mdl 8192] Against Ng5+. Black cannot hold the game after this.} (35... Ke7 $16 36. Rd2 Bxe6) 36. Nf4 $18 Be8 37. h5 {Black must now prevent Ng6.} Rc7 $2 (37... Kf8 {is a better defense.} 38. Re5 Bf7 39. Ng6+ Bxg6) 38. Ng6 {White is clearly winning.} a5 {[%emt 0:00:30] [#]} 39. Rxb6 $1 Rxb6 40. Bd5+ {[%mdl 64] Deflection} Kf6 41. Rxe8 Kg5 42. Nf4 Rd7 43. Kg2 Rbd6 44. Bf3 {White threatens Rf8 and mate.} Kf6 45. Rf8+ Ke5 46. Rb8 b4 47. Rb5+ Kd4 48. Rxa5 Kc3 49. Nd5+ Kb2 50. Nxb4 Rd4 51. Nd5 Rd8 52. b4 Rc8 53. Rc5 Rb8 54. a4 Rd2 55. a5 Kb3 56. a6 Ra8 57. b5 {Threatening mate with b6.} Ka3 58. Nb6 Ra7 59. Nc8 {Weighted Error Value: White=0.16 (very precise) /Black=0.32} 1-0

[Event "34th Pula Open 2022"]
[Site "Pula"]
[Date "2022.06.19"]
[Round "2.6"]
[White "Maki-Uuro, Miikka"]
[Black "Olenik Campa, Rudi"]
[Result "1/2-1/2"]
[ECO "A13"]
[WhiteElo "2332"]
[BlackElo "2109"]
[Annotator "TA"]
[PlyCount "45"]
[EventDate "2022.06.18"]
[EventType "swiss"]
[EventCountry "CRO"]
[SourceTitle "playchess.com"]
[Source "ChessBase"]
[SourceQuality "1"]
[TimeControl "5400+30"]

1. Nf3 d5 2. c4 e6 3. g3 dxc4 4. Bg2 c6 5. a4 Qc7 6. O-O {[#] A13: English Opening: 1...e6.} e5 $146 (6... Nf6 $11 {feels stronger.}) ({Predecessor:} 6... Nf6 7. Qc2 Nbd7 8. Qxc4 Nb6 9. Qc2 Be7 10. d4 Nbd5 11. e4 Nb4 12. Qe2 b6 {½-½ (35) Dolgusheva,I (2056)-Kotliarova,M Tomsk 2008}) 7. Na3 $14 Nf6 (7... Bxa3 $14 {might be stronger.} 8. Rxa3 Be6) 8. Nxc4 $16 {White is better.} e4 {[%emt 0:00:30] [#]} 9. Ng5 Bf5 $2 (9... Be7 $16) 10. Qc2 $2 (10. d3 $18 {and the rest is easy.}) 10... Qe7 (10... Be7 $16) 11. f3 $2 (11. d3 $18) 11... Qc5+ $15 12. Ne3 $1 {Hoping for Qb3.} Qxc2 13. Nxc2 exf3 14. Ne1 (14. e4 $15) 14... Nbd7 ({Of course not} 14... Bc5+ $6 15. e3 $15) ({Black should try} 14... fxg2 $17 15. Rxf5 Nbd7) 15. Ngxf3 $11 Nc5 {[%emt 0:00:30] [#] Threatens to win with ...Nb3.} 16. Nd4 {Prevents Nb3.} Bg6 17. d3 (17. b4 $5 Rd8 18. Nef3 $14) 17... O-O-O {[%emt 0:00:30] The position is equal.} 18. Nec2 Na6 {[%emt 0:00:30] Prevents b4.} 19. Bf4 {Black must now prevent Bh3+.} h5 20. Nb3 Nc5 21. Nbd4 Na6 {[%emt 0:00:30] Inhibits b4.} 22. Nb3 Nc5 23. Nbd4 {Weighted Error Value: White=0.39/Black=0.28 (precise)} 1/2-1/2

[Event "34th Pula Open 2022"]
[Site "Pula"]
[Date "2022.06.19"]
[Round "2.7"]
[White "Terryn, Ezra"]
[Black "Jahncke, Giso"]
[Result "1-0"]
[ECO "B10"]
[WhiteElo "2132"]
[BlackElo "2321"]
[Annotator "TA"]
[PlyCount "105"]
[EventDate "2022.06.18"]
[EventType "swiss"]
[EventCountry "CRO"]
[SourceTitle "playchess.com"]
[Source "ChessBase"]
[SourceQuality "1"]
[TimeControl "5400+30"]

1. e4 c6 2. Nf3 d5 3. d3 g6 4. e5 c5 5. c3 Nc6 6. d4 {[%emt 0:02:02] B10: Caro-Kann: 2 d3 and 2 c4.} Bg4 7. Nbd2 cxd4 8. cxd4 {[%emt 0:00:30] The position is equal.} Qa5 9. Qb3 {[%emt 0:00:30] [#]} O-O-O $146 ({Predecessor:} 9... Qb4 10. Bb5 Qxb3 11. Bxc6+ bxc6 12. axb3 Bd7 13. Nf1 e6 14. Be3 h5 15. Ke2 Ne7 16. N1d2 Nf5 {1-0 (50) Lagarde,M (2658)-Guseinov,G (2665) Chess.com INT 2020}) 10. Qc3 Qxc3 11. bxc3 f6 12. Bb5 Bg7 13. O-O Nh6 14. Ba3 {[%emt 0:00:30] aiming for Bxc6.} Rd7 15. Rfe1 Rc7 16. Rac1 (16. Bxc6 $16 bxc6 17. h3) 16... Rd8 (16... fxe5 $11 {keeps the balance.} 17. Bxc6 (17. dxe5 Nf7 $14) (17. Nxe5 Nxe5 18. dxe5 a6 $11) 17... Bxf3) 17. h3 ({Better is} 17. Bxc6 $16 bxc6 18. exf6 exf6 19. Bb4) 17... Bxf3 $14 18. Nxf3 Nf7 19. exf6 (19. Bxc6 $5 bxc6 20. exf6 Bxf6 21. Bb4 $14) 19... Bxf6 20. Bxc6 bxc6 21. Bb4 Rb7 22. Re6 Kd7 23. Rce1 Re8 24. Nd2 {[%emt 0:00:30] And now Nb3 would win.} Nd8 25. R6e2 Rb8 26. Nb3 Nb7 $1 27. Re6 Ra8 (27... a5 $1 $11 {remains equal.} 28. Bxa5 (28. Nxa5 Nxa5 29. Bxa5 Ra8 $11) 28... Ra8) 28. g3 {[%emt 0:00:30] 0x0.000bd71208eddp-1022s more active pieces.} a5 $1 29. Nc5+ Nxc5 30. Bxc5 Rab8 31. R1e2 {[%emt 0:00:30] Inhibits Rb2.} (31. Ba3 $1 $14) 31... Rb1+ $11 32. Kg2 Rc1 33. R6e3 Rb1 {[%emt 0:00:30] Prevents Rb2.} 34. f4 e6 35. g4 Bd8 36. Kf2 Bh4+ 37. Kg2 Bd8 38. Re1 Rb8 39. Kg3 Bc7 40. h4 (40. Kf3 $1 $14) 40... h5 (40... Rb2 $5 ) 41. gxh5 gxh5 42. Kf3 $1 Rb2 43. Rg1 Rxa2 $2 (43... Rh2 $11) 44. Rg7+ Kc8 {[%emt 0:00:30] [#]} (44... Kd8 $16 {was worth a try.}) 45. f5 $1 $18 {[%emt 0:00:30] Hoping for f6.} e5 $2 (45... Bd8 46. Rxe6 Rxe6 47. fxe6 Bxh4) 46. Rxc7+ $2 Kxc7 $11 47. dxe5 $18 {[%emt 0:00:30][%mdl 4096] Endgame Black must now prevent f6. KRR-KRB} Rg8 $2 (47... Ra1 $11 {and Black is okay.} 48. Kf2 Ra2+ 49. Kf3 Ra1) 48. f6 $2 (48. e6 $18 {Threatens to win with f6.} Ra1 49. Kf2) 48... Rag2 $2 (48... Rg1 $1 $11) 49. f7 $2 (49. e6 $18) 49... R8g3+ $16 (49... R2g3+ $2 50. Kf4 R3g6 51. e6 $18) 50. Kf4 Rg4+ {[%emt 0:00:30] [#]} 51. Kf5 $1 Rg7 $2 (51... Rf2+ $16 52. Ke6 Rgf4) 52. f8=Q $18 {[%emt 0:00:30] Re1 would kill now.} Rf2+ 53. Ke6 {[%emt 0:00:30] Weighted Error Value: White=0.50/Black=0.47} 1-0